 Dungeon Crawl Stone Soup version 0.19.0-11-g3fc08b3 (webtiles) character file.

9769 JeffiDaFish the Basher (level 11, -2/71 HPs)
             Began as a Gargoyle Fighter on Nov 9, 2016.
             Was a Priest of Makhleb.
             Slain by a blink frog (8 damage)
             ... on level 2 of the Lair of Beasts.
             The game lasted 00:29:01 (9594 turns).

JeffiDaFish the Basher (Gargoyle Fighter)           Turns: 9594, Time: 00:29:02

Health: -2/71      AC: 24    Str: 22    XL:     11   Next: 51%
Magic:  11/11      EV:  8    Int:  9    God:    Makhleb [***...]
Gold:   168        SH:  0    Dex: 10    Spells: 1 memorised, 9 levels left

rFire  . . .     SeeInvis .     b - +3 dire flail (crush)
rCold  . . .     Gourm    .     y - +0 plate armour
rNeg   + . .     Faith    .     (shield currently unavailable)
rPois  ∞         Spirit   .     s - +1 helmet
rElec  +         Reflect  .     (no cloak)
rCorr  .         Harm     .     (no gloves)
MR     +....                    (no boots)
Stlth  ..........               A - amulet of rage
                                l - +1 ring of slaying (curse)
                                o - ring of protection from magic

@: no status effects
A: negative energy resistance 1, electricity resistance, unbreathing,
petrification resistance, rot immunity, AC +7
a: Minor Destruction, Lesser Servant of Makhleb, Renounce Religion, Evoke
Berserk Rage


You were on level 2 of the Lair of Beasts.
You worshipped Makhleb.
Makhleb was most pleased with you.
You were hungry.

You visited 3 branches of the dungeon, and saw 12 of its levels.

You collected 553 gold pieces.
You spent 385 gold pieces at shops.

Inventory:

Hand Weapons
 b - a +3 dire flail of crushing (weapon)
Armour
 s - a +1 helmet (worn)
 y - a +0 plate armour (worn)
Jewellery
 l - a cursed +1 ring of slaying (right hand)
 o - a ring of protection from magic (left hand)
 A - an amulet of rage (around neck)
Wands
 n - a wand of flame (31/48)
Scrolls
 a - a scroll of identify
 k - a scroll of remove curse
 p - 2 scrolls of blinking
 u - 2 scrolls of teleportation
Potions
 d - 2 potions of might
 e - 4 potions of curing
 g - a potion of magic
 i - a potion of haste
 r - 2 potions of heal wounds
Books
 q - a book of Necromancy

   Spells                             Type                      Level
   a - Pain                           Necromancy                   1
   b - Animate Skeleton               Necromancy                   1
   c - Vampiric Draining              Necromancy                   3
   d - Regeneration                   Charms/Necromancy            3
   e - Animate Dead                   Necromancy                   4
   f - Control Undead                 Necromancy                   4
 z - a book of Flames

   Spells                             Type                      Level
   a - Flame Tongue                   Conjuration/Fire             1
   b - Throw Flame                    Conjuration/Fire             2
   c - Conjure Flame                  Conjuration/Fire             3
   d - Inner Flame                    Hexes/Fire                   3
   e - Sticky Flame                   Conjuration/Fire             4
   f - Fireball                       Conjuration/Fire             5
Comestibles
 f - 7 bread rations
 h - 3 meat rations
 j - a beef jerky
 m - 7 fruits


   Skills:
 + Level 9.3 Fighting
 + Level 11.8 Maces & Flails
 + Level 9.2 Armour
 + Level 3.1 Dodging
 + Level 1.3 Stealth
   Level 7.2 Shields


You had 9 spell levels left.
You knew the following spells:

 Your Spells              Type           Power        Failure   Level  Hunger
a - Flame Tongue          Conj/Fire      #....        100%        1    ##.....


Dungeon Overview and Level Annotations

Branches:
Dungeon (9/15)             Temple (1/1) D:4            Lair (2/6) D:9
  Swamp: Lair:2-4    Shoals: Lair:2-4     Snake: Lair:2-4    Spider: Lair:2-4
    Orc: D:9-12

Altars:
Ashenzari
Cheibriados
Dithmenos
Fedhas
Gozag
Hepliaklqana
Kikubaaqudgha
Makhleb
Nemelex Xobeh
Okawaru
Qazlal
Ru
Sif Muna
Uskayaw
Vehumet
Xom
Yredelemnul
Zin
The Shining One

Shops:
D:5 ?


Innate Abilities, Weirdness & Mutations

You are resistant to torment.
Your stone body is resilient. (AC +7)
You are immune to poison.
You resist negative energy. (rN+)
You are resistant to electric shocks. (rElec)
You can survive without breathing.
You are immune to petrification.
You are immune to rotting.


Message History

You puncture the blink frog!
The blink frog is moderately wounded.
The blink frog hits you but does no damage.
The blink frog blinks!
You miss the blink frog.
The blink frog is moderately wounded.
The blink frog blinks!
The blink frog hits you.
* * * LOW HITPOINT WARNING * * *
The blink frog blinks!
The blink frog blinks!
The blink frog hits you.
* * * LOW HITPOINT WARNING * * *
Your plate armour prevents you from hitting the blink frog.
The blink frog is moderately wounded.
The blink frog hits you.
* * * LOW HITPOINT WARNING * * *
You sock the blink frog!
The blink frog is almost dead.
The blink frog hits you!
You die...

###...........### #..######.##
##...........## ##...# #..# ##
#...§........P# #....# #..#
.####...........## ###.######.P.
................#######..........
...#P.........>.....##P.#.##.####
####...........F†........##### #
##....................# # ##
#...........@F.......# #
.####....................# #
........................## ##
##.#P...................### ##.
####...........F.......#.#####..
#............................ #
###.#######..###.P..#..P..#....
###.#..# #..#####.#####.##.##.
......## ##.P# #..# ##..###P.


You could see 3 blink frogs.

Vanquished Creatures
  A hydra (Lair:2)
  Harold (Lair:1)
  Nergalle (Lair:2)
  3 spiny frogs
  The ghost of dialectric the Covered, a novice GrFi (D:8)
  2 komodo dragons
  The ghost of Tegga21 the Thaumaturge, a novice DEHu of Vehumet (D:5)
  6 blink frogs
  3 hippogriffs
  3 yaks (Lair:1)
  A hungry ghost (D:7)
  5 porcupines
  2 water moccasins (Lair:2)
  2 sky beasts (D:5)
  An ice beast (D:8)
  An orc warrior (D:8)
  2 phantoms
  2 ogres (D:8)
  An eye of draining (D:8)
  2 centaurs
  A crocodile (Lair:1)
  7 bullfrogs
  3 scorpions
  2 wights (D:7)
  5 howler monkeys
  6 human zombies (D:7)
  3 crimson imps
  2 hounds
  7 orc wizards
  A bullfrog skeleton (D:5)
  Crazy Yiuf (D:2)
  An orc priest (D:5)
  2 human skeletons (D:7)
  An iguana (D:4)
  4 worker ants
  Natasha (thrice) (D:3)
  A hound skeleton (D:8)
  A mummy (D:7)
  2 howler monkey zombies
  7 gnolls
  10 adders
  2 shadow imps
  An ooze (D:5)
  2 adder skeletons
  3 worms
  A dart slug (D:1)
  8 leopard geckos
  16 orcs
  2 ball pythons
  4 giant cockroaches
  10 goblins
  6 hobgoblins
  9 jackals
  7 quokkas
  3 bats
  5 frilled lizards
  4 kobolds
  A leopard gecko skeleton (D:7)
  An orc zombie (D:7)
  9 rats
  A fungus (D:2)
206 creatures vanquished.

Vanquished Creatures (others)
  A plant (Lair:1)
1 creature vanquished.

Grand Total: 207 creatures vanquished

Notes
Turn   | Place    | Note
-------+----------+-------------------------------------------
     0 | D:1      | JeffiDaFish the Gargoyle Fighter began the quest for the Orb.
     0 | D:1      | Reached XP level 1. HP: 14/14 MP: 1/1
   137 | D:1      | Reached XP level 2. HP: 19/19 MP: 2/2
   283 | D:1      | Reached XP level 3. HP: 21/24 MP: 3/3
   885 | D:2      | Reached XP level 4. HP: 29/29 MP: 4/4
   901 | D:2      | Reached skill level 1 in Dodging
  1178 | D:2      | Found a runed door.
  1233 | D:2      | Noticed Crazy Yiuf
  1241 | D:2      | HP: 1/29 [Crazy Yiuf/quarterstaff of chaos (7)]
  1243 | D:2      | Killed Crazy Yiuf
  1243 | D:2      | Reached skill level 3 in Maces & Flails
  1619 | D:3      | Noticed Natasha
  1641 | D:3      | Killed Natasha
  1641 | D:3      | Reached XP level 5. HP: 21/33 MP: 5/5
  2024 | D:3      | Noticed Natasha
  2032 | D:3      | Killed Natasha
  2172 | D:3      | Noticed Natasha
  2207 | D:3      | Killed Natasha
  2207 | D:3      | Reached skill level 4 in Maces & Flails
  2717 | D:4      | Reached XP level 6. HP: 39/39 MP: 6/6
  2719 | D:4      | Gained mutation: Potions and wands are less effective at restoring your health. [potion of mutation]
  2719 | D:4      | Gained mutation: You are surrounded by a mild repulsion field. (EV +2) [potion of mutation]
  2719 | D:4      | Gained mutation: You have supernaturally acute eyesight. (SInv) [potion of mutation]
  2874 | D:4      | Found an ancient bone altar of Kikubaaqudgha.
  2899 | D:4      | Found a staircase to the Ecumenical Temple.
  2904 | Temple   | Entered the Ecumenical Temple
  3094 | Temple   | Became a worshipper of Makhleb the Destroyer
  3330 | D:5      | Entered Level 5 of the Dungeon
  3455 | D:5      | Noticed a sky beast
  3462 | D:5      | Killed a sky beast
  3462 | D:5      | Reached skill level 5 in Shields
  3462 | D:5      | Reached XP level 7. HP: 44/44 MP: 7/7
  3493 | D:5      | Reached skill level 5 in Maces & Flails
  3575 | D:5      | Noticed Tegga21's ghost (novice DEHu)
  3602 | D:5      | Killed Tegga21's ghost
  3632 | D:5      | Found Razomeur's Magic Scroll Boutique.
  3669 | D:5      | Reached skill level 5 in Fighting
  3669 | D:5      | Reached skill level 6 in Maces & Flails
  3669 | D:5      | Reached XP level 8. HP: 45/49 MP: 8/8
  3944 | D:5      | Reached * piety under Makhleb
  4136 | D:5      | You fall through a shaft!
  4183 | D:6      | Reached skill level 5 in Armour
  4745 | D:7      | Found a sparkling altar of Nemelex Xobeh.
  5053 | D:7      | Reached XP level 9. HP: 54/54 MP: 9/9
  5160 | D:7      | Found a deep blue altar of Sif Muna.
  5161 | D:7      | Found a hazy altar of Hepliaklqana.
  5716 | D:7      | Reached skill level 1 in Stealth
  5722 | D:7      | Reached ** piety under Makhleb
  5738 | D:7      | Reached skill level 7 in Maces & Flails
  5785 | D:7      | Found an ancient bone altar of Kikubaaqudgha.
  6008 | D:8      | Reached skill level 8 in Maces & Flails
  6155 | D:8      | Lost mutation: You are surrounded by a mild repulsion field. (EV +2) [potion of cure mutation]
  6155 | D:8      | Lost mutation: Potions and wands are less effective at restoring your health. [potion of cure mutation]
  6155 | D:8      | Lost mutation: You have supernaturally acute eyesight. (SInv) [potion of cure mutation]
  6230 | D:8      | Learned a level 1 spell: Flame Tongue
  6449 | D:8      | Noticed dialectric's ghost (novice GrFi)
  6462 | D:8      | Killed dialectric's ghost
  6549 | D:8      | Reached skill level 9 in Maces & Flails
  6678 | D:9      | Found a staircase to the Lair.
  6733 | D:8      | Reached *** piety under Makhleb
  6817 | D:5      | Bought a scroll of enchant weapon for 105 gold pieces
  6817 | D:5      | Bought a scroll of brand weapon for 280 gold pieces
  6847 | D:5      | Reached XP level 10. HP: 61/61 MP: 10/10
  7226 | Lair:1   | Entered Level 1 of the Lair of Beasts
  7427 | Lair:1   | Reached skill level 10 in Maces & Flails
  7715 | Lair:1   | Noticed a spiny frog
  7726 | Lair:1   | Killed a spiny frog
  7938 | Lair:1   | Noticed Harold
  7955 | Lair:1   | Killed Harold
  7995 | Lair:1   | Reached skill level 11 in Maces & Flails
  7995 | Lair:1   | Reached XP level 11. HP: 69/69 MP: 11/11
  8358 | Lair:2   | Noticed Nergalle
  8373 | Lair:2   | Killed Nergalle
  8642 | Lair:2   | Noticed a seven-headed hydra
  8654 | Lair:2   | Killed a seven-headed hydra
  9574 | Lair:2   | HP: 2/71 [blink frog (5)]
  9594 | Lair:2   | Slain by a blink frog

Skill      XL: |  1  2  3  4  5  6  7  8  9 10 11 |
---------------+----------------------------------+-----
Dodging        | 1 2 3 |  3.1
Fighting       | 4 5 6 8 9 |  9.3
Maces & Flails | 3 4 6 9 11 | 11.8
Shields        | 4 5 7 |  7.2
Armour         | 4 5 6 8 9 |  9.2
Stealth        | 1 |  1.3

Action                   |  1- 3 |  4- 6 |  7- 9 | 10-12 || total
-------------------------+-------+-------+-------+-------++-------
Melee: Flail             |   144 |   127 |       |       ||   271
       Whip              |       |    64 |   372 |       ||   436
       Dire flail        |       |       |   174 |   253 ||   427
  Use: Potion            |     4 |     5 |     5 |     1 ||    15
       Scroll            |     2 |     3 |     7 |     3 ||    15
  Eat: Chunk             |       |     8 |    11 |     7 ||    26
       Fruit             |       |     1 |     2 |     1 ||     4
Armor: Scale mail        |    84 |    72 |   103 |       ||   259
       Plate armour      |       |       |    84 |   221 ||   305
Dodge: Dodged            |    52 |    49 |   178 |    86 ||   365
Block: Shield            |    84 |    89 |   163 |       ||   336
